 Dungeon Sprint DCSS version 0.20-a0-40-gb6e7b4f (webtiles) character file.

25 esc the Magician (level 2, -14/17 HPs)
             Began as a Deep Elf Fire Elementalist on Nov 11, 2016.
             Demolished by an ogre
             ... wielding a +0 giant club
              (22 damage)
             ... in the Dungeon (Sprint I: "Red Sonja").
             The game lasted 00:01:10 (19 turns).

esc the Magician (Deep Elf Fire Elementalist)         Turns: 19, Time: 00:01:10

Health: -14/17     AC:  2    Str:  5    XL:     2   Next: 82%
Magic:  0/9        EV: 14    Int: 19    God:
Gold:   0          SH:  0    Dex: 15    Spells: 1 memorised, 9 levels left

rFire  . . .     SeeInvis .     (no weapon)
rCold  . . .     Gourm    .     a - +0 robe
rNeg   . . .     Faith    .     (no shield)
rPois  .         Spirit   .     (no helmet)
rElec  .         Reflect  .     (no cloak)
rCorr  .         Harm     .     (no gloves)
MR     .....     NoTele   +     (no boots)
Stlth  ++........               (no amulet)
                                (no ring)
                                (no ring)

@: exhausted, very slightly contaminated, slowed, very slow
A: no striking features
a: no special abilities


You were in the Dungeon.
You were not hungry.

You visited 1 branch

Inventory:

Armour
 a - a +0 robe (worn)
Scrolls
 i - a scroll of blinking {!r}
Potions
 d - a potion of curing
 e - a potion of heal wounds
 f - a potion of haste
 g - 2 potions of magic
Books
 b - a book of Flames
Comestibles
 c - a bread ration {@e1}


   Skills:
 + Level 1.9 Fighting
 + Level 3.9 Dodging
 - Level 2.4 Stealth
 + Level 4.5 Spellcasting
 + Level 2.8 Conjurations
 + Level 4.1 Fire Magic


You had 9 spell levels left.
You knew the following spells:

 Your Spells              Type           Power        Failure   Level  Hunger
a - Flame Tongue          Conj/Fire      ###..        3%          1    None


Dungeon Overview and Level Annotations

Branches:
Dungeon (1/1)

Altars:


Message History

Welcome, esc the Deep Elf Fire Elementalist.
Found a staircase leading out of the dungeon.
You open the door.
Ijyb the Twisted Goblin comes into view.
Ijyb shouts!
Aim: Ijyb The flame tongue hits Ijyb.
You now have 5/6 mp.
Aim: Ijyb (moderately wounded)
The flame tongue hits Ijyb.
Ijyb hits you.
You take 4 damage, and have 6/10 hp.
MASSIVE DAMAGE!!
You now have 4/6 mp.
Aim: Ijyb (heavily wounded)
You miscast Flame Tongue.
You are very lightly contaminated with residual magic.
Sparks fly from your hands! Ijyb closely misses you.
You now have 3/6 mp.
Aim: Ijyb (heavily wounded)
The flame tongue misses Ijyb.
Ijyb barely misses you.
You now have 2/6 mp.
Aim: Ijyb (heavily wounded)
The flame tongue misses Ijyb.
Ijyb barely misses you.
You now have 1/6 mp.
Aim: Ijyb (heavily wounded)
The flame tongue hits Ijyb.
Ijyb appears unharmed.
Ijyb screams, "You nasty!
Big nasty!"
Ijyb closely misses you.
You now have 0/6 mp.
Really quaff
h - a potion of berserk rage {!q}?
A red film seems to cover your vision as you go berserk!
You feel yourself moving faster!
You feel mighty! Ijyb misses you.
You now have 9/15 hp.
You punch Ijyb! You closely miss Ijyb. Ijyb hits you.
You take 2 damage, and have 7/15 hp.
You punch Ijyb!
You kill Ijyb!
Your Fighting skill increases to level 1!
Your Dodging skill increases to level 3!
Your Spellcasting skill increases to level 4!
Your Conjurations skill increases to level 2!
Your Fire Magic skill increases to level 4!
You have reached level 2!
You regained 5 hp, and now have 12/25 hp.
There is an open door, spattered with blood here.
You feel a strong urge to attack something.
The door flies open with a bang!
You feel your anger subside.
An ogre comes into view. It is wielding a giant club.
You are no longer berserk.
You are exhausted.
You feel yourself slow down.
The ogre shouts!
You now have 8/17 hp.
Aim: an ogre, wielding a giant club The flame tongue hits the ogre.
The ogre barely misses you.
You now have 0/9 mp.
There is an open door, spattered with blood here.
The ogre hits you with a giant club!!
Ouch! That really hurt!
You die...

##########
#<.#..'..#
#..O..#..+
#.@#### +#
#..# #..#
#..# #⌠⌠#
####


You could see an ogre.

Vanquished Creatures
  Ijyb (D)
1 creature vanquished.

Notes
Turn   | Place    | Note
-------+----------+-------------------------------------------
     0 | D        | esc the Deep Elf Fire Elementalist began the quest for the Orb.
     0 | D        | Reached XP level 1. HP: 10/10 MP: 6/6
     1 | D        | Noticed Ijyb
    11 | D        | Killed Ijyb
    11 | D        | Reached skill level 1 in Fighting
    11 | D        | Reached skill level 3 in Dodging
    11 | D        | Reached skill level 4 in Spellcasting
    11 | D        | Reached skill level 2 in Conjurations
    11 | D        | Reached skill level 4 in Fire Magic
    11 | D        | Reached XP level 2. HP: 12/17 MP: 0/9
    15 | D        | Noticed an ogre
    19 | D        | Demolished by an ogre

Vault maps used:
D:        dungeon_sprint_1

Skill      XL: |  1 |
---------------+----+-----
Fighting       | 1 |  1.9
Dodging        | 3 |  3.9
Spellcasting   | 4 |  4.5
Conjurations   | 2 |  2.8
Fire Magic     | 4 |  4.1
Stealth        | |  2.4

Action                   || total
-------------------------++-------
Melee: Unarmed           ||     3
 Cast: Flame Tongue      ||     6
  Use: Potion            ||     1
Dodge: Dodged            ||     6

Vault maps used:
D:        dungeon_sprint_1

Table legend:
 A = Turns spent in this place as a percentage of turns spent in the entire game.
 B = Non-inter-level travel turns spent in this place as a percentage of non-inter-level travel turns spent in the entire game.
 C = Inter-level travel turns spent in this place as a percentage of turns spent in this place.
 D = Turns resting spent in this place as a percentage of non-inter-level travel turns spent in this place.
 E = Turns spent auto-exploring this place as a percentage of non-inter-level travel turns spent in this place.
 F = Non-inter-level travel turns spent in this place divided by the number of levels of this place that you've seen.
                   A       B       C       D       E      F
               +-------+-------+-------+-------+-------+----------------------
         Total | 100.0 | 100.0 |   0.0 |   0.0 |   0.0 |  21.0
       Dungeon | 100.0 | 100.0 |   0.0 |   0.0 |   0.0 |  21.0
               +-------+-------+-------+-------+-------+----------------------

Table legend:
 A = Kills in this place as a percentage of kills in entire the game.
 B = Kills by you in this place as a percentage of kills by you in the entire game.
 C = Kills by friends in this place as a percentage of kills by friends in the entire game.
 D = Other kills in this place as a percentage of other kills in the entire game.
 E = Experience gained in this place as a percentage of experience gained in the entire game.
 F = Experience gained in this place divided by the number of levels of this place that you have seen.
                   A       B       C       D       E      F
               +-------+-------+-------+-------+-------+----------------------
         Total | 100.0 | 100.0 |  -nan |  -nan | 100.0 |  36.0
       Dungeon | 100.0 | 100.0 |  -nan |  -nan | 100.0 |  36.0
               +-------+-------+-------+-------+-------+----------------------
